AoeStats
← mazibu

Arabia

507981900Analyzed
1v1 RM · 12d ago on Sep 20, 2026· 47m 45s· 2 players
Game mode
Random Map
Map size
Tiny (2 player)
Population
200
Speed
Normal
Resources
Standard
Victory
Conquest
Starting age
Dark Age
Ending age
Imperial Age
RankedLock teamsTeams togetherTeam positionsShared explorationLock speedFull tech treeHidden civsTurbo modeCheats
Victory
Defeat
🇹🇼 Magyars · Taiwan
1059
+14
🇩🇪 Ethiopians · Germany
1017
-14
mazibu
6:44 Loom
9:33 Feudal Age
13:18 Wheelbarrow
19:01 Fletching
22:50 Castle Age
21:14 Double-Bit Axe
21:55 Padded Archer Armor
22:57 Crossbowman
23:34 Bodkin Arrow
24:00 Squires
25:03 Scale Mail Armor
26:03 Leather Archer Armor
35:17 Thumb Ring
37:32 Elite Skirmisher
48:09 Imperial Age
金門王
6:59 Loom
9:14 Feudal Age
9:58 Double-Bit Axe
17:36 Fletching
18:26 Wheelbarrow
23:12 Castle Age
21:44 Padded Archer Armor
22:27 Gold Mining
23:33 Horse Collar
24:22 Thumb Ring
24:10 Elite Skirmisher
24:56 Bodkin Arrow
25:23 Bow Saw
26:42 Husbandry
29:09 Ballistics
30:58 Town Watch
33:27 Leather Archer Armor
35:35 Hand Cart
37:46 Stone Mining
42:05 Imperial Age
39:45 Arson
43:02 Corvinian Army
43:18 Bracer
43:24 Scale Barding Armor
43:49 Parthian Tactics
43:26 Heavy Cavalry Archer
46:02 Chemistry
46:22 Parthian Tactics
48:30 Ring Archer Armor
48:22 Chain Barding Armor
Connection lost

Rejoining the realm…

Still unreachable

The connection could not be restored.

Session expired

The server has moved on; the page needs a fresh start.